[Event "Titled Tuesday Blitz August 16 Late 2022"]
[White "Kim, Sergey"]
[Black "Babazada, Khazar"]
[WhiteFideId "13700570"]
[BlackFideId "13413554"]
[WhiteElo "2613"]
[BlackElo "2409"]
[Result "0-1"]
[Round "04"]
[TimeControl "180+1"]
[Date "2022.08.16"]
[WhiteClock "0:00:15"]
[BlackClock "0:01:53"]

1. d4 b6 2. c4 Bb7 3. Nc3 Nf6 4. Nf3 e6 5. a3 c5 6. d5 exd5 7. cxd5 g6 8. e4 Bg7 9. Bd3 O-O 10. O-O d6 11. Re1 a6 12. a4 Re8 13. Bf4 Bc8 14. h3 Bf8 15. Qd2 Nbd7 16. Bg5 Qc7 17. Qf4 Bg7 18. Qh4 Kh8 19. Bh6 Bxh6 20. Qxh6 Ne5 21. Nxe5 Rxe5 22. f4 Rh5 23. Qf8+ Ng8 24. e5 dxe5 25. fxe5 Bb7 26. Qd6 Qxd6 27. exd6 Rd8 28. Re7 Bxd5 29. Rc7 Rxd6 30. Nxd5 Rhxd5 31. Bxa6 Kg7 32. Bc4 Rf5 33. Rf1 Rxf1+ 34. Kxf1 Nh6 35. g4 Kf6 36. Rb7 Kg5 37. b3 Kh4 38. Kg2 Rd2+ 39. Kf3 Kxh3 40. Rxb6 Nxg4 41. a5 f5 42. Kf4 h6 43. Bf1+ Kh4 0-1


[Site "https://www.chess.com"]

[Event "Titled Tuesday Blitz August 16 Late 2022"]
[White "Kobo, Ori"]
[Black "Jeet, Jain"]
[WhiteFideId "2812320"]
[BlackFideId "5073022"]
[WhiteElo "2420"]
[BlackElo "2055"]
[Result "1-0"]
[Round "04"]
[TimeControl "180+1"]
[Date "2022.08.16"]
[WhiteClock "0:01:33"]
[BlackClock "0:00:12"]

1. e4 e5 2. Nf3 Nc6 3. Bb5 a6 4. Ba4 Nf6 5. d3 b5 6. Bb3 Bc5 7. Bg5 h6 8. Bh4 g5 9. Bg3 d6 10. c3 Qe7 11. a4 Rb8 12. axb5 axb5 13. Nbd2 h5 14. h4 g4 15. Ng5 Nd8 16. Nf1 Ne6 17. Ne3 Bxe3 18. fxe3 Ng8 19. O-O Nxg5 20. hxg5 Be6 21. Bh4 Bxb3 22. Qxb3 Qe6 23. Qxe6+ fxe6 24. Ra7 Rc8 25. g6 Rh6 26. g7 Kd7 27. Rf7+ Kc6 28. Rf8 1-0


[Site "https://www.chess.com"]

[Event "Titled Tuesday Blitz August 16 Late 2022"]
[White "Koepke, Christian"]
[Black "Poltorak, Sebastian"]
[WhiteFideId "4655737"]
[BlackFideId "1199498"]
[WhiteElo "2188"]
[BlackElo "2102"]
[Result "1-0"]
[Round "04"]
[TimeControl "180+1"]
[Date "2022.08.18"]
[WhiteClock "0:00:00"]
[BlackClock "0:00:00"]

1. d4 Nf6 2. e3 g6 3. Nf3 Bg7 4. Be2 O-O 5. O-O d5 6. b4 Ne4 7. c4 e6 8. Bb2 c6 9. Nbd2 f5 10. b5 Nd7 11. Qc2 Ndf6 12. Ba3 Re8 13. bxc6 bxc6 14. cxd5 cxd5 15. Rac1 Bd7 16. Qc7 Qxc7 17. Rxc7 Rec8 18. Rfc1 Nxd2 19. Nxd2 Kf7 20. Nf3 Ke8 21. Ne5 Rxc7 22. Rxc7 Rc8 23. Rxa7 Rb8 24. f3 Bh6 25. Kf2 f4 26. exf4 Bxf4 27. Bd6 Rc8 28. Nxd7 1-0


[Site "https://www.chess.com"]

[Event "Titled Tuesday Blitz August 16 Late 2022"]
[White "Kolb, Tobias"]
[Black "Senthil Maran K"]
[WhiteFideId "12992321"]
[BlackFideId "25035681"]
[WhiteElo "2224"]
[BlackElo "2124"]
[Result "0-1"]
[Round "04"]
[TimeControl "180+1"]
[Date "2022.08.18"]
[WhiteClock "0:00:00"]
[BlackClock "0:00:00"]

1. Nf3 d5 2. g3 g6 3. Bg2 Bg7 4. O-O Nf6 5. d4 Nbd7 6. b3 O-O 7. Bb2 c5 8. dxc5 Nxc5 9. Nbd2 Bf5 10. c4 Rc8 11. Nd4 Nfe4 12. cxd5 Qxd5 13. Nxf5 Qxf5 14. Bxg7 Kxg7 15. Nxe4 Nxe4 16. Qd4+ Nf6 17. Bxb7 Rc2 18. e4 Qh3 19. Rfc1 Re2 20. Re1 Rd8 21. Qc3 Rdd2 22. Rxe2 Rxe2 23. Qf3 Ng4 24. Qg2 Qxg2+ 25. Kxg2 Rxf2+ 26. Kg1 Rb2 27. h3 Ne5 28. Bd5 e6 29. Bc4 g5 30. a4 h5 31. a5 f5 32. exf5 Nf3+ 33. Kf1 exf5 34. Bd3 f4 35. gxf4 g4 36. hxg4 hxg4 37. Be2 Nd2+ 38. Kf2 Nxb3 39. Rg1 Nd4 0-1


[Site "https://www.chess.com"]

[Event "Titled Tuesday Blitz August 16 Late 2022"]
[White "Korchmar, Vasiliy"]
[Black "Jorajuria Mendoza, Algol"]
[WhiteFideId "24131750"]
[BlackFideId "5128897"]
[WhiteElo "2370"]
[BlackElo "1600"]
[Result "0-1"]
[Round "04"]
[TimeControl "180+1"]
[Date "2022.08.18"]
[WhiteClock "0:00:00"]
[BlackClock "0:00:00"]

1. e4 c5 2. Nf3 Nc6 3. d4 cxd4 4. Nxd4 Nf6 5. Nc3 d6 6. Bb5 Bd7 7. Bg5 Nxd4 8. Bxd7+ Nxd7 9. Qxd4 h6 10. Bh4 e5 11. Qc4 Qxh4 12. Nd5 Nb6 13. Qb5+ Kd8 14. O-O-O Qxe4 15. Nxb6 axb6 16. Rhe1 Qf4+ 17. Kb1 Qa4 18. Qxb6+ Kc8 19. a3 Ra6 20. Qe3 Rc6 21. Ka1 Be7 22. f4 f6 23. Qg3 g5 24. Qg4+ Kc7 25. Qe6 Re8 26. Qf7 Rxc2 27. fxe5 fxe5 28. Rc1 Rxc1+ 29. Rxc1+ Kb6 30. Rc4 Qd1+ 31. Ka2 Rf8 32. Qxe7 Qd5 33. Qc7+ Ka6 34. g3 Rf2 35. Qc8 Rc2 36. Qa8+ Kb6 37. Qd8+ Ka6 38. Qa8+ Kb6 0-1


[Site "https://www.chess.com"]

[Event "Titled Tuesday Blitz August 16 Late 2022"]
[White "Kostiukov, Alexandr"]
[Black "Tarnowska, Aleksandra"]
[WhiteFideId "14108100"]
[BlackFideId "1180967"]
[WhiteElo "2202"]
[BlackElo "1700"]
[Result "0-1"]
[Round "04"]
[TimeControl "180+1"]
[Date "2022.08.18"]
[WhiteClock "0:00:00"]
[BlackClock "0:00:00"]

1. g3 e5 2. Bg2 d5 3. c4 c6 4. cxd5 cxd5 5. d4 e4 6. Nc3 Nc6 7. Nh3 f5 8. O-O Nf6 9. Bg5 Be7 10. Nf4 O-O 11. e3 Qb6 12. Ncxd5 Qxb2 13. Bxf6 Bxf6 14. Nxf6+ Rxf6 15. Qa4 Qb4 16. Qc2 Qd6 17. h4 Be6 18. d5 Nb4 19. Qd2 Nxd5 20. Rfd1 Rd8 21. Qa5 Qb6 22. Qxb6 axb6 23. Rd4 Bf7 24. Rb1 Rfd6 25. Nxd5 Rxd5 26. Rxd5 Rxd5 27. Rxb6 Rd1+ 28. Kh2 Bd5 29. Rd6 Rd2 30. Kg1 Rd1+ 31. Kh2 Rd3 0-1


[Site "https://www.chess.com"]

[Event "Titled Tuesday Blitz August 16 Late 2022"]
[White "Kovacevic, Radmila"]
[Black "Deviprasath, Sharvesh"]
[WhiteFideId "933171"]
[BlackFideId "30938228"]
[WhiteElo "2157"]
[BlackElo "2102"]
[Result "0-1"]
[Round "04"]
[TimeControl "180+1"]
[Date "2022.08.18"]
[WhiteClock "0:00:00"]
[BlackClock "0:00:00"]

1. e4 g6 2. d4 Bg7 3. h4 c5 4. dxc5 Nf6 5. e5 Ne4 6. Qd4 d5 7. c3 Nc6 8. Bb5 O-O 9. Bxc6 bxc6 10. Ne2 Qc7 11. Bf4 Rb8 12. f3 Rxb2 13. fxe4 dxe4 14. c4 Rc2 15. Nbc3 Rd8 16. Qxe4 Bf5 17. Qf3 Rd3 18. e6 Bxc3+ 19. Nxc3 Qa5 20. exf7+ Kxf7 21. Qxc6 Qxc3+ 22. Kf1 Qxa1+ 0-1


[Site "https://www.chess.com"]

[Event "Titled Tuesday Blitz August 16 Late 2022"]
[White "Leitao, Rafael"]
[Black "Goncalves, Davi Sulzbacher"]
[WhiteFideId "2101246"]
[BlackFideId "2154510"]
[WhiteElo "2609"]
[BlackElo "2107"]
[Result "1-0"]
[Round "04"]
[TimeControl "180+1"]
[Date "2022.08.18"]
[WhiteClock "0:00:00"]
[BlackClock "0:00:00"]

1. c4 c5 2. Nf3 Nc6 3. e3 g6 4. Nc3 Nf6 5. d4 cxd4 6. exd4 d5 7. cxd5 Nxd5 8. Bc4 Nb6 9. Bb3 Bg7 10. d5 Na5 11. O-O Nxb3 12. axb3 O-O 13. Re1 Bxc3 14. bxc3 Qxd5 15. Bh6 Re8 16. Qc2 Bf5 17. Qb2 f6 18. c4 Qc5 19. Be3 Qc7 20. Nd4 Bd7 21. Rac1 Rac8 22. h4 Qe5 23. Qe2 Qe4 24. h5 Qg4 25. hxg6 hxg6 26. f3 Qh4 27. Bf2 Qf4 28. Be3 Qe5 29. Qf2 Kf7 30. Nb5 Bxb5 31. Bxb6 Qh5 32. Bxa7 Rh8 33. Qg3 Bd7 34. Be3 Ra8 35. Re2 Bf5 36. Kf2 Bd3 37. Rd2 Qf5 38. Re1 e5 39. Red1 e4 40. Qf4 Qxf4 41. Bxf4 f5 42. Ke3 Rhe8 43. fxe4 Rxe4+ 44. Kf3 g5 45. Bxg5 Rg4 46. Rxd3 Rxg5 47. Rd7+ Ke6 48. R1d6+ Ke5 49. Rd5+ Ke6 50. c5 Ra1 51. R5d6+ Ke5 52. Re7# 1-0


[Site "https://www.chess.com"]

[Event "Titled Tuesday Blitz August 16 Late 2022"]
[White "Leiva, Gianmarco"]
[Black "Levine, Joseph"]
[WhiteFideId "3804399"]
[BlackFideId "30940346"]
[WhiteElo "2323"]
[BlackElo "1810"]
[Result "0-1"]
[Round "04"]
[TimeControl "180+1"]
[Date "2022.08.16"]
[WhiteClock "0:00:02"]
[BlackClock "0:00:02"]

1. e4 e6 2. d4 d5 3. Nd2 c5 4. Ngf3 cxd4 5. Nxd4 Nc6 6. Bb5 Bd7 7. Nxc6 bxc6 8. Bd3 Qc7 9. Qe2 Ne7 10. O-O Ng6 11. Nf3 Bd6 12. Re1 O-O 13. e5 Be7 14. Bg5 f6 15. exf6 gxf6 16. Bh6 Rf7 17. c4 e5 18. cxd5 cxd5 19. Rac1 Qa5 20. Bxg6 hxg6 21. Nh4 Kh7 22. Bd2 Qa4 23. Qd3 Qxh4 24. Qxd5 Raf8 25. Qxd7 Bc5 26. Qxf7+ Rxf7 27. Rxc5 Rd7 28. Bc3 Qa4 29. Ra5 Qc2 30. h4 Qd3 31. Ra4 a6 32. Rae4 Rd6 33. R4e3 Qc4 34. a3 Qa4 35. Re4 Qc6 36. R4e3 Qd7 37. f4 Rd1 38. fxe5 fxe5 39. Rxe5 Rxe1+ 40. Rxe1 Qg4 41. Re3 Kg8 42. Rh3 Kf7 43. Rf3+ Ke8 44. Rh3 Kd7 45. Kh2 Kc6 46. Kg1 Kb5 47. Kh2 Ka4 48. Kg1 Kb3 49. Kh2 Ka2 50. Kg1 Qf4 51. h5 Qc1+ 52. Kh2 Qf4+ 53. Kg1 gxh5 54. Rxh5 Qe3+ 55. Kh1 Qc1+ 56. Kh2 Qf4+ 57. Kh1 Qg4 58. Rh3 Kb1 59. Kh2 Kc2 60. Rf3 Kd1 61. Rf1+ Kc2 62. Rf3 Kb1 63. Rg3 Qh4+ 64. Rh3 Qf4+ 65. Kg1 Ka2 66. Rf3 Qc1+ 67. Kf2 Qc2+ 68. Kg3 Qg6+ 69. Kh2 a5 70. g3 a4 71. Kg2 Qh5 72. Rf4 Qd5+ 73. Kh3 Qh1+ 74. Kg4 Qd1+ 75. Kg5 Qd5+ 76. Rf5 Qg8+ 77. Kf4 Qc4+ 78. Kf3 Qd3+ 79. Kg4 Qe4+ 80. Rf4 Qg6+ 81. Kh3 Qh5+ 82. Rh4 Qf5+ 83. Kg2 Qc2+ 84. Kf3 Qd1+ 85. Kf4 Qd6+ 86. Be5 Qf8+ 87. Ke3 Qc5+ 88. Bd4 Qe7+ 89. Re4 Qg5+ 90. Kf3 Qf5+ 91. Rf4 Qd3+ 92. Kg2 Qe2+ 93. Kg1 Qe1+ 94. Kh2 Qe2+ 95. Kh3 Qh5+ 96. Rh4 Qf5+ 97. Kg2 Qc2+ 98. Kf3 Qf5+ 99. Rf4 Qd3+ 100. Kg4 Qg6+ 101. Kf3 Qh5+ 102. Ke3 Qe8+ 103. Kd3 Qg6+ 0-1


[Site "https://www.chess.com"]

[Event "Titled Tuesday Blitz August 16 Late 2022"]
[White "Lorenzo De La Riva, Lazaro"]
[Black "Gomez Ledo, Roberto Carlos"]
[WhiteFideId "2268809"]
[BlackFideId "3507076"]
[WhiteElo "2325"]
[BlackElo "2379"]
[Result "0-1"]
[Round "04"]
[TimeControl "180+1"]
[Date "2022.08.16"]
[WhiteClock "0:00:03"]
[BlackClock "0:00:16"]

1. Nf3 Nf6 2. g3 d5 3. Bg2 Bf5 4. O-O e6 5. d3 h6 6. Nbd2 Bh7 7. c4 c6 8. b3 a5 9. a3 Be7 10. Bb2 O-O 11. Ra2 Nbd7 12. Qa1 Qb6 13. Bc3 Rfe8 14. Rb1 c5 15. cxd5 exd5 16. d4 Bxb1 17. Qxb1 Bf8 18. e3 Rac8 19. Qa1 a4 20. bxa4 c4 21. a5 Qa6 22. Rb2 b6 23. axb6 Nxb6 24. Ne5 Na4 25. Rc2 Nxc3 26. Rxc3 Bb4 27. Rc2 Qxa3 28. Ra2 Qc3 29. Qb1 Ra8 30. Rc2 Ra1 31. Rxc3 Bxc3 32. Qf1 Rxf1+ 33. Nxf1 Rb8 34. Bh3 Rb2 35. Bf5 Be1 36. f3 g6 37. Bh3 c3 38. Nd3 c2 39. Nxb2 c1=Q 40. Nd3 Qd1 41. Ne5 Qe2 42. Bg2 Bf2+ 43. Kh1 Bxe3 44. f4 Qf2 45. Nf3 Bxd4 0-1


[Site "https://www.chess.com"]

[Event "Titled Tuesday Blitz August 16 Late 2022"]
[White "Maltsevskaya, Aleksandra"]
[Black "Naroditsky, Daniel"]
[WhiteFideId "24174041"]
[BlackFideId "2026961"]
[WhiteElo "2243"]
[BlackElo "2628"]
[Result "0-1"]
[Round "04"]
[TimeControl "180+1"]
[Date "2022.08.16"]
[WhiteClock "0:00:14"]
[BlackClock "0:00:44"]

1. e4 e5 2. Nf3 Nc6 3. Bb5 a6 4. Ba4 d6 5. c3 Bd7 6. O-O Nf6 7. Re1 g6 8. d4 Bg7 9. Nbd2 exd4 10. e5 dxe5 11. Nxe5 O-O 12. Bxc6 Bxc6 13. Nxc6 bxc6 14. cxd4 Qxd4 15. Nb3 Qh4 16. Qf3 Nd5 17. g3 Qh3 18. Na5 Rae8 19. Bd2 Qd7 20. Rad1 Rxe1+ 21. Bxe1 Re8 22. Bc3 Bxc3 23. bxc3 Qe6 24. c4 Ne7 25. Kg2 Nf5 26. Qxc6 Nh4+ 0-1


[Site "https://www.chess.com"]

[Event "Titled Tuesday Blitz August 16 Late 2022"]
[White "Martin Barcelo, Carles"]
[Black "Coelho, Ramyres Santana"]
[WhiteFideId "24561444"]
[BlackFideId "2120690"]
[WhiteElo "1922"]
[BlackElo "1888"]
[Result "0-1"]
[Round "04"]
[TimeControl "180+1"]
[Date "2022.08.18"]
[WhiteClock "0:00:00"]
[BlackClock "0:00:00"]

1. d4 Nf6 2. Bg5 Ne4 3. Bf4 Nf6 4. Nf3 g6 5. Nc3 Nh5 6. Be5 Bg7 7. Bxg7 Nxg7 8. Qd2 h6 9. e4 a6 10. h4 b5 11. Bd3 Bb7 12. O-O-O b4 13. Ne2 a5 14. Ng3 d6 15. h5 g5 16. d5 Nd7 17. Nd4 Ne5 18. Ngf5 Nxf5 19. Nxf5 e6 20. dxe6 fxe6 21. Nd4 Qe7 22. f4 Nxd3+ 23. cxd3 gxf4 24. Rhf1 e5 25. Nf5 Qf7 26. g3 Qxa2 27. gxf4 b3 28. Qc3 Ra6 29. Ne3 Rc6 30. Nc4 Rf8 31. f5 a4 32. Kd2 a3 33. Ra1 Rxc4 34. dxc4 Qxb2+ 35. Qxb2 axb2 36. Rab1 Bxe4 37. Rxb2 Bc2 38. f6 Kd7 39. Kc3 Ke6 40. Rg1 Rxf6 41. Rg7 c5 42. Rg8 Rf3+ 43. Kd2 Rh3 44. Re8+ Kd7 45. Rh8 Rxh5 46. Kc3 Rh3+ 47. Kd2 Rh2+ 48. Kc1 h5 49. Rh6 h4 50. Rh8 h3 51. Rxc2 Rxc2+ 52. Kb1 h2 53. Rh7+ Kc6 54. Rh3 Rg2 55. Kc1 Rg1+ 56. Kb2 h1=Q 57. Rxh1 Rxh1 58. Kxb3 Rh4 59. Kc3 d5 60. Kd3 dxc4+ 61. Kc3 Kd5 62. Kd2 Rd4+ 63. Kc2 e4 0-1


[Site "https://www.chess.com"]

[Event "Titled Tuesday Blitz August 16 Late 2022"]
[White "Mcconnell, Sullivan"]
[Black "Leenhouts, Koen"]
[WhiteFideId "30934885"]
[BlackFideId "1008439"]
[WhiteElo "2687"]
[BlackElo "2409"]
[Result "1/2-1/2"]
[Round "04"]
[TimeControl "180+1"]
[Date "2022.08.16"]
[WhiteClock "0:00:58"]
[BlackClock "0:00:14"]

1. e4 e5 2. Nf3 Nc6 3. d4 exd4 4. Nxd4 Nf6 5. Nxc6 bxc6 6. e5 Qe7 7. Qe2 Nd5 8. c4 Nb6 9. b3 g6 10. Bb2 Bg7 11. Nd2 O-O 12. O-O-O d6 13. exd6 Bxb2+ 14. Kxb2 Qf6+ 15. Kb1 Bf5+ 16. Ne4 Rfe8 17. f3 cxd6 18. Qc2 Bxe4 19. fxe4 a5 20. a3 Rab8 21. Ka2 Nd7 22. c5 Nxc5 23. Bc4 Nxe4 24. Rdf1 Nc3+ 25. Ka1 Qe5 26. Bxf7+ Kg7 27. Bxe8 Nd1+ 28. Kb1 Nc3+ 29. Kc1 Ne2+ 30. Kd2 Rxe8 31. Qc4 d5 32. Qc5 Qb2+ 33. Qc2 Qd4+ 34. Qd3 Qb2+ 35. Qc2 Qd4+ 36. Qd3 Qb2+ 37. Qc2 1/2-1/2


[Site "https://www.chess.com"]

[Event "Titled Tuesday Blitz August 16 Late 2022"]
[White "Medeiros Jr, Francisco De Assis"]
[Black "Bayo Milagro, Alvaro"]
[WhiteFideId "2114267"]
[BlackFideId "22275240"]
[WhiteElo "2020"]
[BlackElo "2270"]
[Result "0-1"]
[Round "04"]
[TimeControl "180+1"]
[Date "2022.08.18"]
[WhiteClock "0:00:00"]
[BlackClock "0:00:00"]

1. d4 Nf6 2. Nf3 e6 3. Bg5 c5 4. c3 h6 5. Bh4 b6 6. Nbd2 Bb7 7. e3 Be7 8. Bd3 Nc6 9. O-O cxd4 10. cxd4 O-O 11. Rc1 Rc8 12. a3 Nd5 13. Bxe7 Qxe7 14. Qe2 d6 15. Ba6 Na5 16. Bxb7 Qxb7 17. Qd3 Rxc1 18. Rxc1 Rc8 19. Qb1 Rc7 20. Kf1 Qa6+ 21. Kg1 Qc8 22. Rxc7 Qxc7 23. g3 g6 24. Kg2 Kg7 25. Qd3 Qc6 26. h4 Nb7 27. Qc4 Qd7 28. e4 Nf6 29. e5 dxe5 30. Nxe5 Qd6 31. Ndf3 Na5 32. Qc8 Qe7 33. b4 Nb3 34. Nc6 Qd6 35. Nfe5 Nxd4 36. Nxd4 Qxe5 37. Nc6 Qd5+ 38. Kg1 Ne4 39. Ne7 Qd2 0-1


[Site "https://www.chess.com"]

[Event "Titled Tuesday Blitz August 16 Late 2022"]
[White "Melikyan, Gnel"]
[Black "Bodnar, Nikolay"]
[WhiteFideId "54109990"]
[BlackFideId "14106469"]
[WhiteElo "1772"]
[BlackElo "2283"]
[Result "1-0"]
[Round "04"]
[TimeControl "180+1"]
[Date "2022.08.18"]
[WhiteClock "0:00:00"]
[BlackClock "0:00:00"]

1. e4 c6 2. Nf3 d5 3. Nc3 dxe4 4. Nxe4 Nf6 5. Qe2 Nxe4 6. Qxe4 Qa5 7. Bc4 Bf5 8. Qe5 Qxe5+ 9. Nxe5 e6 10. d3 Nd7 11. Nxd7 Kxd7 12. Bf4 f6 13. O-O-O g5 14. Bg3 a5 15. a3 b5 16. Ba2 a4 17. Rhe1 h5 18. f3 h4 19. Bf2 Bd6 20. Bg1 Rae8 21. Kb1 b4 22. axb4 Bxb4 23. c3 Bd6 24. Kc2 Rb8 25. Bc4 Rb7 26. Ra1 Rhb8 27. Reb1 a3 28. b4 Ra8 29. Rb3 a2 30. Rb2 Kc7 31. Rbxa2 Rg8 32. Ra8 Rg7 33. h3 Rd7 34. Re8 Bf4 35. Raa8 Bg3 36. Bc5 Rh7 37. Rac8+ Kd7 38. Red8# 1-0


[Site "https://www.chess.com"]

[Event "Titled Tuesday Blitz August 16 Late 2022"]
[White "Melkumyan, Hrant"]
[Black "Petrovic, Aleksa"]
[WhiteFideId "13302485"]
[BlackFideId "967629"]
[WhiteElo "2604"]
[BlackElo "2262"]
[Result "1-0"]
[Round "04"]
[TimeControl "180+1"]
[Date "2022.08.18"]
[WhiteClock "0:00:00"]
[BlackClock "0:00:00"]

1. e4 e6 2. d4 d5 3. Nd2 Nc6 4. Ngf3 Nf6 5. exd5 exd5 6. Bb5 Be7 7. O-O O-O 8. Re1 Bg4 9. c3 Re8 10. Nf1 Bd6 11. Rxe8+ Qxe8 12. Bd3 Ne4 13. Ne3 Bh5 14. Nxd5 Rd8 15. Nf4 Bxf3 16. Qxf3 Ng5 17. Qe2 Qd7 18. Be3 Re8 19. Qh5 Ne4 20. Re1 Nf6 21. Qd1 Ng4 22. Bc1 Rxe1+ 23. Qxe1 g5 24. f3 Nxh2 25. Nh5 Nxf3+ 26. gxf3 Qh3 27. Qe8+ Bf8 28. Bxh7+ Kxh7 29. Qxf7+ Kh6 30. Qxf8+ 1-0


[Site "https://www.chess.com"]

[Event "Titled Tuesday Blitz August 16 Late 2022"]
[White "Mendez Fortes, Eduardo Jesus"]
[Black "Bochnicka, Vladimir"]
[WhiteFideId "3502376"]
[BlackFideId "14943450"]
[WhiteElo "2307"]
[BlackElo "1939"]
[Result "1-0"]
[Round "04"]
[TimeControl "180+1"]
[Date "2022.08.18"]
[WhiteClock "0:00:00"]
[BlackClock "0:00:00"]

1. e4 c5 2. Nf3 Nc6 3. d4 cxd4 4. Nxd4 e5 5. Nb5 d6 6. N1c3 a6 7. Na3 Be7 8. Nd5 Nf6 9. Nxf6+ Bxf6 10. Nc4 O-O 11. a4 Be6 12. Ne3 Bg5 13. c3 Bxe3 14. Bxe3 d5 15. exd5 Bxd5 16. Qc2 Qh4 17. O-O-O Be6 18. g3 Qe7 19. Bg2 Rfc8 20. Bb6 Nb4 21. Qe4 Na2+ 22. Kb1 Bb3 23. Rd2 Rc6 24. Be3 Rac8 25. Bh3 R8c7 26. Qd3 h6 27. Qd8+ Qxd8 28. Rxd8+ Kh7 29. Bf5+ g6 30. Be4 Rc4 31. Bd5 Rxc3 32. Bxb3 Rxb3 33. Kxa2 Rb4 34. Ka3 a5 35. Rhd1 Rcc4 36. b3 Rc3 37. Rb1 Kg7 38. Bd2 Rd4 39. Rxd4 exd4 40. Bxc3 dxc3 41. Rc1 1-0


[Site "https://www.chess.com"]

[Event "Titled Tuesday Blitz August 16 Late 2022"]
[White "Michalski, Olaf"]
[Black "Thomforde-Toates, Noah"]
[WhiteFideId "1106740"]
[BlackFideId "30951992"]
[WhiteElo "1937"]
[BlackElo "2124"]
[Result "0-1"]
[Round "04"]
[TimeControl "180+1"]
[Date "2022.08.18"]
[WhiteClock "0:00:00"]
[BlackClock "0:00:00"]

1. d4 Nf6 2. c4 g6 3. Nc3 Bg7 4. e4 d6 5. Nf3 O-O 6. Be2 e5 7. d5 a5 8. O-O Na6 9. Bg5 h6 10. Bh4 Qe8 11. Nd2 Nh7 12. a3 h5 13. f3 Bf6 14. Bf2 Bd7 15. b4 axb4 16. axb4 Nxb4 17. Qb3 c5 18. dxc6 Nxc6 19. Qxb7 Rxa1 20. Rxa1 Nd4 21. Bf1 Be6 22. Nd5 Bg5 23. Nb3 Nxb3 24. Qxb3 Bxd5 25. cxd5 f5 26. exf5 gxf5 27. Qb6 e4 28. fxe4 fxe4 29. Bd4 Bf6 30. Be2 Bxd4+ 31. Qxd4 Qe5 32. Qxe5 dxe5 33. Bxh5 Nf6 34. Be2 Kg7 35. d6 Rd8 36. Rd1 Kf7 37. Kf2 Ke6 38. Bc4+ Kf5 39. h3 Kf4 40. g3+ Kf5 41. Ke3 Ra8 42. d7 Ra3+ 43. Kf2 e3+ 44. Ke1 Nxd7 45. Rxd7 Ke4 46. Bd3+ Kf3 47. Be2+ Kxg3 0-1


[Site "https://www.chess.com"]

[Event "Titled Tuesday Blitz August 16 Late 2022"]
[White "Mickiewicz, Piotr"]
[Black "Yurovskykh, Oleksandr"]
[WhiteFideId "1114891"]
[BlackFideId "14134020"]
[WhiteElo "2266"]
[BlackElo "2292"]
[Result "0-1"]
[Round "04"]
[TimeControl "180+1"]
[Date "2022.08.18"]
[WhiteClock "0:00:00"]
[BlackClock "0:00:00"]

1. e4 d5 2. exd5 Qxd5 3. Nc3 Qd8 4. d4 Nf6 5. Bc4 a6 6. Nf3 b5 7. Bb3 c5 8. dxc5 Qxd1+ 9. Nxd1 e6 10. Be3 Nfd7 11. O-O Bxc5 12. a4 b4 13. Bf4 Bb7 14. Ne3 Bxf3 15. gxf3 Nc6 16. Nc4 Nb6 17. Nd6+ Bxd6 18. Bxd6 a5 19. Rad1 O-O-O 20. Bc5 Kc7 21. Be3 Rxd1 22. Rxd1 Rd8 23. Bf4+ Kb7 24. Rxd8 Nxd8 25. c3 bxc3 26. bxc3 Nd7 27. Kf1 Nc5 28. Bc2 g6 29. Ke2 Kc6 30. Ke3 Ndb7 31. Kd4 f6 32. Bh6 e5+ 33. Ke3 Nd6 34. Bg7 Ne8 35. Bf8 Nd6 36. f4 exf4+ 37. Kxf4 Ne6+ 38. Ke3 Nxf8 39. Bxg6 hxg6 0-1


[Site "https://www.chess.com"]

[Event "Titled Tuesday Blitz August 16 Late 2022"]
[White "Mikhailov, Viacheslav"]
[Black "Oparin, Grigoriy"]
[WhiteFideId "4187369"]
[BlackFideId "24125890"]
[WhiteElo "2381"]
[BlackElo "2639"]
[Result "1-0"]
[Round "04"]
[TimeControl "180+1"]
[Date "2022.08.16"]
[WhiteClock "0:00:05"]
[BlackClock "0:00:04"]

1. Nf3 c6 2. g3 d5 3. Bg2 Bg4 4. O-O Nd7 5. d4 e6 6. c4 Ngf6 7. Nc3 Bd6 8. Qb3 Rb8 9. h3 Bh5 10. Bg5 h6 11. Bxf6 Nxf6 12. Ne5 O-O 13. e3 Bxe5 14. dxe5 Nd7 15. cxd5 exd5 16. f4 f6 17. e4 fxe5 18. exd5 Bf7 19. Rad1 Qa5 20. fxe5 Nxe5 21. Kh2 Qc5 22. Rf5 Ng6 23. Rxf7 Rxf7 24. dxc6 Ne5 25. cxb7 Kh8 26. Rd5 Nf3+ 27. Bxf3 Qf2+ 28. Bg2 Rf3 29. Rd8+ Rxd8 30. b8=Q Rxb8 31. Qxb8+ Rf8 32. Qb4 Rf3 33. Qg4 Rf8 34. b3 Qd2 35. Ne4 Qxa2 36. Nc5 Qc2 37. Ne6 Rg8 38. Qc4 Qxc4 39. bxc4 a5 40. c5 a4 41. c6 a3 42. Bd5 Rc8 43. c7 Kh7 44. g4 Kg6 45. Kg3 Kf6 46. Kf4 g6 47. h4 g5+ 48. hxg5+ hxg5+ 49. Ke4 Ke7 50. Ke5 Kd7 51. Ba2 Ra8 52. Kf5 Ra5+ 53. Kf6 Rb5 54. Bc4 Rb4 55. Ba6 Rc4 56. Bxc4 a2 57. Bxa2 Kc8 58. Kxg5 Kd7 59. Kf6 Kc8 60. g5 Kd7 61. g6 1-0


[Site "https://www.chess.com"]

[Event "Titled Tuesday Blitz August 16 Late 2022"]
[White "Mirimanian, Hayk"]
[Black "Sailer, Mike"]
[WhiteFideId "4700180"]
[BlackFideId "2012901"]
[WhiteElo "2280"]
[BlackElo "2109"]
[Result "1-0"]
[Round "04"]
[TimeControl "180+1"]
[Date "2022.08.18"]
[WhiteClock "0:00:00"]
[BlackClock "0:00:00"]

1. e4 d5 2. exd5 Qxd5 3. Nc3 Qd6 4. g3 c6 5. d4 Nf6 6. Bg2 Bf5 7. Nf3 e6 8. O-O Be7 9. Bf4 Qb4 10. Qd2 Nbd7 11. a3 Qa5 12. Nh4 Bg4 13. h3 Bh5 14. g4 Bg6 15. Nxg6 hxg6 16. b4 Qd8 17. b5 Nd5 18. Nxd5 cxd5 19. c4 dxc4 20. d5 e5 21. d6 Bf6 22. Be3 b6 23. g5 Bxg5 24. Bxg5 Qc8 25. Be7 Nc5 26. Bc6+ Nd7 27. Qd5 Rb8 28. Qxe5 Qxc6 29. Qxg7 Nf8 30. bxc6 1-0


[Site "https://www.chess.com"]

[Event "Titled Tuesday Blitz August 16 Late 2022"]
[White "Nakamura, Hikaru"]
[Black "Tristan, Leonardo"]
[WhiteFideId "2016192"]
[BlackFideId "113816"]
[WhiteElo "2850"]
[BlackElo "2404"]
[Result "1-0"]
[Round "04"]
[TimeControl "180+1"]
[Date "2022.08.16"]
[WhiteClock "0:00:57"]
[BlackClock "0:01:19"]

1. g3 d5 2. Bg2 Nf6 3. d3 Bf5 4. Nf3 e6 5. Nh4 Bg4 6. h3 Bh5 7. Nd2 Be7 8. g4 Nfd7 9. Nf5 exf5 10. gxh5 c6 11. e3 Nf6 12. b3 Nbd7 13. Bb2 Qc7 14. Qe2 O-O-O 15. O-O-O Qa5 16. Kb1 Ba3 17. Ba1 Bb4 18. c4 Kb8 19. Bb2 Rhe8 20. h6 g6 21. Nf3 Ka8 22. Ng5 Re7 23. Qc2 Ne5 24. Bxe5 Rxe5 25. Nxf7 Ree8 26. Nxd8 Rxd8 27. cxd5 Nxd5 28. Bxd5 Rxd5 29. d4 Qa3 30. f3 Kb8 31. e4 Rb5 32. Rhg1 a5 33. Rxg6 a4 34. Rg8+ Ka7 35. Qb2 axb3 36. Qxa3+ Bxa3 37. axb3 Rxb3+ 38. Kc2 Rxf3 39. exf5 Rxh3 40. f6 Rh2+ 41. Rd2 Rxh6 42. Rf2 Rh4 43. f7 Rxd4 44. f8=Q Bxf8 45. Rfxf8 h5 46. Rh8 h4 47. Rf7 Rb4 48. Rfh7 Ka6 49. Rxh4 1-0


[Site "https://www.chess.com"]

[Event "Titled Tuesday Blitz August 16 Late 2022"]
[White "Nazaretyan, Tigran"]
[Black "Rustemov, Alexander"]
[WhiteFideId "24162345"]
[BlackFideId "4119002"]
[WhiteElo "2183"]
[BlackElo "2791"]
[Result "1-0"]
[Round "04"]
[TimeControl "180+1"]
[Date "2022.08.16"]
[WhiteClock "0:00:43"]
[BlackClock "0:00:20"]

1. d4 f5 2. Nf3 Nf6 3. g3 g6 4. Bg2 Bg7 5. O-O O-O 6. c3 e6 7. Nbd2 Nc6 8. Qc2 d5 9. b4 Ne4 10. b5 Na5 11. Ne5 b6 12. Ndf3 a6 13. a4 Bd7 14. Rb1 axb5 15. axb5 Qe8 16. Qd3 Nd6 17. Nxd7 Qxd7 18. Bf4 Nac4 19. Nd2 Nxd2 20. Bxd2 Ra2 21. Bf4 Nc4 22. Rb4 h6 23. Rxc4 dxc4 24. Qxc4 Ra7 25. h4 Kh7 26. e4 Qf7 27. exf5 exf5 28. Bd5 Qe7 29. Bc6 g5 30. hxg5 hxg5 31. Be5 Bxe5 32. Re1 Qf7 33. Bd5 Qh5 34. dxe5 Re8 35. Bf7 Qf3 36. Bxe8 Ra2 37. Qxa2 Qe2 38. Qf7+ Kh6 39. Qg6# 1-0


[Site "https://www.chess.com"]